 Dungeon Crawl Stone Soup version 0.24-a0-358-g53aee78b01 (webtiles) character file.

Game seed: 10592575841815718570

482793 Lanoc the Impregnable (level 26, -19/217 HPs)
             Began as a Formicid Monk on May 25, 2019.
             Was the Champion of the Shining One.
             Killed from afar by Nikola (43 damage)
             ... with a chain lightning
             ... on level 4 of the Swamp on May 26, 2019.
             The game lasted 02:35:56 (50747 turns).

Lanoc the Impregnable (Formicid Monk)              Turns: 50747, Time: 02:35:59

Health: -19/217    AC: 32    Str: 23    XL:     26   Next: 14%
Magic:  37/37      EV: 28    Int: 21    God:    the Shining One [******]
Gold:   9648       SH: 27    Dex: 24    Spells: 24/25 levels left

rFire    + + +     SeeInvis +   g - +7 Singing Sword {slice, sonic wave}
rCold    + + .     Gourm    .   V - +1 large shield
rNeg     + + +     Faith    .   v - +7 swamp dragon scales of the Sea {*Drain rPois Dex+4 SInv}
rPois    +         Spirit   .   (helmet unavailable)
rElec    .         Reflect  +   t - scarf {rC+ rF+}
rCorr    .         Harm     .   u - +2 pair of gloves
MR       +++..                  K - +2 pair of boots {run}
Stlth    +.........             o - amulet of Kyppubozi {Reflect rF+ Str+3 SH+5}
HPRegen  0.46/turn              f - ring "Keesevym" {MR+ Int+4 Slay+3}
MPRegen  0.25/turn              d - ring of Subuf {rF+ AC+4 Int+2}

@: glowing, studying Short Blades, very slow
A: permanent stasis, dig shafts and tunnels, four strong arms, antennae 3,
hooves 1, agile 1, clever 1, cold resistance 1
}: 2/15 runes: silver, gossamer
a: Dig, Shaft Self, Divine Shield, Cleansing Flame, Summon Divine Warrior, Brand
Weapon With Holy Wrath, Renounce Religion


You were on level 4 of the Swamp.
You worshipped the Shining One.
The Shining One was exalted by your worship.
You were hungry.

You visited 9 branches of the dungeon, and saw 43 of its levels.
You also visited: Ossuary, Gauntlet, Ice Cave, Wizlab and Desolation.

You collected 9998 gold pieces.
You spent 350 gold pieces at shops.

Inventory:

Hand Weapons
 e - the +9 long sword "Secret Weapon" {flame, rF- Int+3 Dex+3}
   (You found it on level 10 of the Dungeon)

   It has been specially enchanted to burn those struck by it, causing extra
   injury to most foes and up to half again as much damage against particularly
   susceptible opponents.
   Big, fiery blades are also staple armaments of hydra-hunters.
   It affects your intelligence (+3).
   It affects your dexterity (+3).
   It makes you vulnerable to fire.
 g - the +7 Singing Sword (weapon) {slice, sonic wave}
   (You found it in the Desolation of Salt)

   It inflicts extra damage upon your enemies.
 S - the +3 trident of the Omega Point {freeze, rElec rF++ Dex-2 SInv}
   (You found it on level 5 of the Lair of Beasts)

   It has been specially enchanted to freeze those struck by it, causing extra
   injury to most foes and up to half again as much damage against particularly
   susceptible opponents.
   It can also slow down cold-blooded creatures.
   It affects your dexterity (-2).
   It greatly protects you from fire.
   It insulates you from electricity.
   It lets you see invisible.
 X - a +7 great sword of holy wrath
Missiles
 P - 11 curare-tipped darts (quivered)
Armour
 t - a scarf of resistance (worn)
 u - a +2 pair of gloves (worn)
 v - the +7 swamp dragon scales of the Sea (worn) {*Drain rPois Dex+4 SInv}
   (You found it in a Gauntlet)

   It affects your dexterity (+4).
   It protects you from poison.
   It lets you see invisible.
   It causes draining when unequipped.
 K - a +2 pair of boots of running (worn)
 L - a +1 cloak of magic resistance
 V - a +1 large shield (worn)
Jewellery
 d - the ring of Subuf (right hand) {rF+ AC+4 Int+2}
   (You found it in the Desolation of Salt)

   [ring of protection]

   It affects your AC (+4).
   It affects your intelligence (+2).
   It protects you from fire.
 f - the ring "Keesevym" (left hand) {MR+ Int+4 Slay+3}
   (You found it on level 5 of the Vaults)

   [ring of intelligence]

   It affects your intelligence (+4).
   It affects your accuracy and damage with ranged weapons and melee attacks
   (+3).
   It affects your resistance to hostile enchantments.
 k - a +6 ring of slaying
 o - the amulet of Kyppubozi (around neck) {Reflect rF+ Str+3 SH+5}
   (You took it off a deep elf death mage on level 3 of the Elven Halls)

   [amulet of reflection]

   It shields you and reflects attacks.
   It affects your strength (+3).
   It protects you from fire.
   It affects your SH (+5).
 s - the ring "Momusakk" {rF+ rN+ Str+3 Int+5 Stlth+}
   (You found it in the Desolation of Salt)

   [ring of intelligence]

   It affects your strength (+3).
   It affects your intelligence (+5).
   It protects you from fire.
   It protects you from negative energy.
   It makes you more stealthy.
 F - an uncursed ring of flight
 Q - an uncursed ring of poison resistance
Wands
 N - a wand of iceblast (66)
 O - a wand of acid (13)
 Y - a wand of digging (18)
Scrolls
 b - 17 scrolls of remove curse
 h - 7 scrolls of fog
 m - 9 scrolls of enchant weapon
 q - 2 scrolls of holy word
 w - 2 scrolls of summoning
 y - 5 scrolls of magic mapping
 C - 3 scrolls of fear
 E - 10 scrolls of amnesia
 H - 24 scrolls of identify
 M - a scroll of silence
 Z - 5 scrolls of immolation
Potions
 a - 5 potions of lignification
 i - 7 potions of heal wounds
 j - 10 potions of brilliance
 n - 9 potions of flight
 p - 8 potions of agility
 r - 3 potions of ambrosia
 x - 4 potions of might
 z - 4 potions of magic
 A - 24 potions of curing
 B - 4 potions of cancellation
 G - 2 potions of resistance
 J - 9 potions of mutation
Books
 D - a manual of Short Blades
Miscellaneous
 R - 3 boxes of beasts
 T - a sack of spiders
 U - a lamp of fire
 W - 4 phantom mirrors
Comestibles
 c - 85 rations


   Skills:
 + Level 19.9 Fighting
 - Level 18.5 Long Blades
 + Level 21.2 Armour
 + Level 17.3 Dodging
 - Level 2.4 Stealth
 - Level 15.0 Shields
 + Level 20.7 Invocations


You had 24 spell levels left.
You knew the following spells:

 Your Spells              Type           Power        Failure   Level  Hunger
a - Apportation           Tloc           #.....       22%         1    ##.....

Your spell library contained the following spells:

 Spells                   Type           Power        Failure   Level  Hunger
 Animate Skeleton         Necr           N/A          22%         1    ##.....
 Beastly Appendage        Tmut           #.....       22%         1    ##.....
 Confusing Touch          Hex            #.....       22%         1    ##.....
 Corona                   Hex            #......      22%         1    ##.....
 Flame Tongue             Conj/Fire      #....        22%         1    ##.....
 Freeze                   Ice            #...         22%         1    ##.....
 Infusion                 Chrm           #...         22%         1    ##.....
 Magic Dart               Conj           #...         22%         1    ##.....
 Sandblast                Erth           #.....       22%         1    ##.....
 Summon Butterflies       Summ           #.......     22%         1    ##.....
 Summon Small Mammal      Summ           #...         22%         1    ##.....
 Call Imp                 Summ           #.......     34%         2    ###....
 Corpse Rot               Necr           N/A          34%         2    ###....
 Ensorcelled Hibernation  Hex/Ice        #.....       34%         2    ###....
 Passwall                 Tmut/Erth      #.......     34%         2    ###....
 Searing Ray              Conj           #.....       34%         2    ###....
 Shroud of Golubria       Chrm/Tloc      #.........   34%         2    ###....
 Slow                     Hex            #.......     34%         2    ###....
 Song of Slaying          Chrm           #.......     34%         2    ###....
 Sticks to Snakes         Tmut           #.......     34%         2    ###....
 Sublimation of Blood     Necr           #.........   34%         2    ###....
 Swiftness                Chrm/Air       #.......     34%         2    ###....
 Throw Flame              Conj/Fire      #.....       34%         2    ###....
 Throw Frost              Conj/Ice       #.....       34%         2    ###....
 Call Canine Familiar     Summ           #.......     56%         3    ####...
 Confuse                  Hex            #.......     56%         3    ####...
 Conjure Flame            Conj/Fire      #.......     56%         3    ####...
 Dazzling Spray           Conj/Hex       #.....       56%         3    ####...
 Gell's Gravitas          Tloc           #.........   56%         3    ####...
 Ignite Poison            Fire/Tmut/Pois #.......     56%         3    ####...
 Inner Flame              Hex/Fire       #.......     56%         3    ####...
 Lesser Beckoning         Tloc           #.........   56%         3    ####...
 Mephitic Cloud           Conj/Pois/Air  #.......     56%         3    ####...
 Ozocubu's Armour         Chrm/Ice       #.......     56%         3    ####...
 Portal Projectile        Hex/Tloc       #.....       56%         3    ####...
 Regeneration             Chrm/Necr      #.........   56%         3    ####...
 Spectral Weapon          Hex/Chrm       #.......     56%         3    ####...
 Spider Form              Tmut/Pois      #.........   56%         3    ####...
 Static Discharge         Conj/Air       #.......     56%         3    ####...
 Stone Arrow              Conj/Erth      #.....       56%         3    ####...
 Summon Guardian Golem    Hex/Summ       #.......     56%         3    ####...
 Teleport Other           Tloc           #.......     56%         3    ####...
 Tukima's Dance           Hex            #.......     56%         3    ####...
 Cause Fear               Hex            #.........   92%         4    #####..
 Force Lance              Conj/Tloc      #.......     92%         4    #####..
 Fulminant Prism          Conj/Hex       #.........   92%         4    #####..
 Ice Form                 Ice/Tmut       #.......     92%         4    #####..
 Iskenderun's Mystic Bla  Conj           #.......     92%         4    #####..
 Leda's Liquefaction      Hex/Erth       #.........   92%         4    #####..
 Passage of Golubria      Tloc           N/A          92%         4    #####..
 Petrify                  Tmut/Erth      #.......     92%         4    #####..
 Sticky Flame             Conj/Fire      #.......     92%         4    #####..
 Summon Ice Beast         Ice/Summ       #.......     92%         4    #####..
 Summon Lightning Spire   Summ/Air       #.......     92%         4    #####..
 Throw Icicle             Conj/Ice       #.......     92%         4    #####..
 Agony                    Necr           #.......     99%         5    ######.
 Alistair's Intoxication  Tmut/Pois      #.......     99%         5    ######.
 Blade Hands              Tmut           #.........   99%         5    ######.
 Bolt of Draining         Conj/Necr      #.........   99%         5    ######.
 Bolt of Magma            Conj/Fire/Erth #.........   99%         5    ######.
 Dispel Undead            Necr           #.......     99%         5    ######.
 Excruciating Wounds      Chrm/Necr      #.........   99%         5    ######.
 Fireball                 Conj/Fire      #.........   99%         5    ######.
 Irradiate                Conj/Tmut      #.........   99%         5    ######.
 Iskenderun's Battlesphe  Conj/Chrm      #.......     99%         5    ######.
 Lee's Rapid Deconstruct  Erth           #.........   99%         5    ######.
 Lightning Bolt           Conj/Air       #.........   99%         5    ######.
 Metabolic Englaciation   Hex/Ice        #.........   99%         5    ######.
 Summon Mana Viper        Hex/Summ       #.......     99%         5    ######.
 Venom Bolt               Conj/Pois      #.........   99%         5    ######.
 Yara's Violent Unravell  Hex/Tmut       #.........   99%         5    ######.
 Bolt of Cold             Conj/Ice       #.........   100%        6    #######
 Bolt of Fire             Conj/Fire      #.........   100%        6    #######
 Darkness                 Hex            #.........   100%        6    #######
 Dispersal                Tloc           #.........   100%        6    #######
 Freezing Cloud           Conj/Ice/Air   #.........   100%        6    #######
 Invisibility             Hex            #.......     100%        6    #######
 Iron Shot                Conj/Erth      #.........   100%        6    #######
 Ozocubu's Refrigeration  Ice            #.........   100%        6    #######
 Poison Arrow             Conj/Pois      #.........   100%        6    #######
 Simulacrum               Ice/Necr       #.........   100%        6    #######
 Statue Form              Tmut/Erth      #........    100%        6    #######
 Haunt                    Necr/Summ      #.........   100%        7    #######
 Malign Gateway           Summ/Tloc      #.........   100%        7    #######
 Orb of Destruction       Conj           #.........   100%        7    #######
 Ring of Flames           Chrm/Fire      #.........   100%        7    #######
 Spellforged Servitor     Conj/Summ      #.........   100%        7    #######
 Summon Hydra             Summ           #.........   100%        7    #######
 Borgnjor's Revivificati  Necr           #.........   100%        8    #######
 Chain Lightning          Conj/Air       #.........   100%        8    #######
 Death's Door             Chrm/Necr      #.........   100%        8    #######
 Disjunction              Tloc           #.........   100%        8    #######
 Ignition                 Fire           #.........   100%        8    #######
 Infestation              Necr           #.........   100%        8    #######
 Lehudib's Crystal Spear  Conj/Erth      #.........   100%        8    #######
 Necromutation            Tmut/Necr      #.........   100%        8    #######
 Fire Storm               Conj/Fire      #.........   100%        9    #######
 Glaciate                 Conj/Ice       #.........   100%        9    #######
 Shatter                  Erth           #.........   100%        9    #######
 Tornado                  Air            #.........   100%        9    #######
 Blink                    Tloc           Unusable     N/A         2    N/A
 Controlled Blink         Tloc           Unusable     N/A         8    N/A

Dungeon Overview and Level Annotations

Branches:
Dungeon (15/15)            Temple (1/1) D:7            Lair (6/6) D:8
  Swamp (4/4) Lair:2       Spider (4/4) Lair:4        Slime (0/5) Lair:6
    Orc (2/2) D:11            Elf (3/3) Orc:2        Vaults (5/5) D:14
  Crypt (3/3) Vaults:2       Tomb (0/3) Crypt:3      Depths (0/5) D:15

Altars:
Ashenzari
Cheibriados
Dithmenos
Elyvilon
Fedhas
Gozag
Hepliaklqana
Kikubaaqudgha
Makhleb
Nemelex Xobeh
Okawaru
Qazlal
Ru
Sif Muna
Trog
Uskayaw
Vehumet
Wu Jian
Xom
Yredelemnul
Zin
The Shining One
Beogh
Jiyva

Shops:
D:9 *   Orc:2 =***   Elf:3 %   Vaults:2 *   Vaults:3 [((

Annotations:
Swamp:4 Nikola


Innate Abilities, Weirdness & Mutations

You cannot be hasted, slowed, berserked, paralysed or teleported.
You can dig through walls and to a lower floor.
Your four strong arms can wield two-handed weapons with a shield.
You have a pair of large antennae on your head. (SInv)
You have large cloven feet.
You are agile. (Dex +2)
Your mind is acute. (Int +2)
Your flesh is cold resistant. (rC+)


Message History

* * * LOW HITPOINT WARNING * * *
The lightning arc hits Nikola!
The lightning arc hits you!
* * * LOW HITPOINT WARNING * * *
The lightning arc hits Nikola.
You feel much better.
Nikola mumbles some strange words.
You hear a mighty clap of thunder!
The lightning arc hits you!
* * * LOW HITPOINT WARNING * * *
The lightning arc hits Nikola.
The lightning arc hits you!
* * * LOW HITPOINT WARNING * * *
The lightning arc hits Nikola.
The lightning arc hits you!!! The Shining One protects you from harm!
You feel much better.
Nikola gestures wildly while chanting.
Nikola blinks!
Nikola mumbles some strange words.
You hear a mighty clap of thunder!
The lightning arc hits you!!!
You die...

##...# ##.....
)....#≈...≈...
.φ..#.8..≈.P(
...#....#≈.≈
..'(8...≈.8. ##
♣≈####'#.≈..#....#+####≈
♣≈#.≈...≈8..#..(......#§
♣≈....8.(..≈#...(.(≈(≈#≈
♣......@.≈.@#.≈≈........
♣.#≈..(#§(.⌠#⌠P..#.≈..#.
+≈≈##)##.###.#####....
#....#(..⌠#⌠P.≈.≈..†#.
+≈.≈...≈..#.........'.
#≈(.8≈8.≈.#...8.(.8.#≈
#≈.≈...8[.#..8≈..§.≈#≈
####'#.††##†.≈.#'##.#≈
##....+.(...≈≈8....≈...


You could see Nikola.

Vanquished Creatures
  3 ancient liches (Crypt:3)
  Mara (Swamp:4)
  2 golden dragons
  A bone dragon (Crypt:3)
  An Ice Fiend (IceCv)
  Rupert (D:15)
  3 tentacled monstrosities
  Jorgrun (D:12)
  2 liches
  2 deep elf blademasters (Elf:3)
  2 titans (Vaults:5)
  2 deep elf master archers (Elf:3)
  4 ancient champions
  Frances (D:13)
  2 sphinxes (Crypt:3)
  3 storm dragons
  Kirke (D:13)
  A thorn hunter (Swamp:3)
  6 tengu reavers
  Donald (Swamp:4)
  3 revenants
  6 shadow dragons
  2 fire giants
  4 deep elf sorcerers
  Louise (Swamp:2)
  3 orc warlords
  14 vault wardens
  An imperial myrmidon (Desolation)
  A ghost moth (Spider:4)
  2 emperor scorpions
  4 frost giants
  A curse skull (Crypt:3)
  12 ironheart preservers
  2 deep elf elementalists (Elf:3)
  A reaper (Crypt:2)
  9 ghouls
  7 entropy weavers
  10 deep elf demonologists
  An entropy weaver (shapeshifter) (Vaults:5)
  7 stone giants
  4 war gargoyles
  2 vampire knights
  Nessos (D:13)
  10 purple draconians (WizLab)
  8 deep elf annihilators
  A halazid warlock (Desolation)
  6 eidola
  9 statues (WizLab)
  A minotaur (Gauntlet)
  3 ettins
  10 deep elf death magi
  A small abomination (Vaults:5)
  3 crystal guardians
  Josephine (Swamp:1)
  8 jiangshi
  11 yaktaur captains
  4 great orbs of eyes
  2 ragged hierophants (Desolation)
  5 deep elf high priests
  2 servants of whispers (Desolation)
  2 fire dragons
  27 hydras
  4 ice dragons
  7 peacekeepers (Desolation)
  10 ogre magi
  2 shambling mangroves
  A ghost crab (Swamp:3)
  30 vault guards
  8 centaur warriors
  A merfolk avatar (Lair:6)
  26 two-headed ogres
  12 dancing weapons
  7 death knights
  3 vampire magi (Crypt:2)
  A catoblepas (D:14)
  A tengu warrior (D:15)
  5 death yaks (Gauntlet)
  9 alligators
  A queen ant (Lair:4)
  Urug (D:12)
  8 orc high priests
  A soul eater (Crypt:1)
  Sonja (Lair:4)
  A large abomination (Elf:3)
  6 deep elf knights
  28 skeletal warriors
  2 shadow wraiths
  2 unseen horrors
  An unseen horror (shapeshifter) (Elf:1)
  The ghost of MirrMurr the Gouger, a novice FeBe of Trog (D:14)
  A fire crab (shapeshifter) (Vaults:4)
  12 swamp dragons
  4 deep trolls
  3 flayed ghosts
  A ghost moth zombie (Crypt:1)
  2 storm dragon skeletons (Crypt:3)
  A wizard (D:14)
  14 deep elf archers
  6 lindwurms
  A sea snake (Lair:6)
  Pikel (D:5)
  An iron giant skeleton (Crypt:2)
  14 ironbrand convokers
  19 orc knights
  8 phantasmal warriors
  A harpy (shapeshifter) (Vaults:3)
  An anaconda skeleton (Crypt:1)
  An orb spider (shapeshifter) (Vaults:3)
  15 orb spiders
  22 wolf spiders
  4 necromancers
  6 cyclopes
  7 harpies
  7 orc sorcerers
  3 manticores
  39 ugly things
  4 moths of wrath
  12 elephants
  58 deep elf magi
  3 frost giant skeletons (Crypt:3)
  Joseph (D:9)
  An ice statue (IceCv)
  9 vault sentinels
  7 fire giant skeletons (Crypt:3)
  3 stone giant skeletons (Crypt:3)
  An iron dragon skeleton (Crypt:2)
  Maurice (D:8)
  15 spiny frogs
  3 orange demons (D:14)
  2 black mambas
  A naga mage (D:15)
  4 gargoyles (Crypt:3)
  2 guardian serpents (Desolation)
  5 torpor snails
  A sea snake zombie (Crypt:1)
  5 rime drakes
  A minotaur zombie (Gauntlet)
  2 guardian mummies (Crypt:3)
  2 kobold demonologists (D:15)
  A redback zombie (D:15)
  10 demonic crawlers
  2 efreet
  10 komodo dragons
  28 yaktaurs
  8 anaconda simulacra (IceCv)
  6 ice devils (IceCv)
  11 freezing wraiths
  4 red devils (D:14)
  3 tengu conjurers
  A queen bee (D:9)
  An iron troll skeleton (Crypt:2)
  16 hornets
  8 trolls
  25 tyrant leeches
  A meliai (D:14)
  22 jumping spiders
  35 saltlings (Desolation)
  3 polar bears
  A harpy skeleton (Crypt:1)
  An ettin zombie (Crypt:3)
  13 slime creatures
  15 bog bodies
  5 dream sheep (Lair:4)
  A hydra skeleton (Crypt:3)
  A dream sheep (shapeshifter) (Vaults:5)
  15 blink frogs
  A shock serpent simulacrum (Crypt:1)
  An alligator zombie (Crypt:1)
  A frost giant simulacrum (Vaults:3)
  12 hippogriffs
  A raiju (shapeshifter) (Elf:3)
  52 redbacks
  5 flying skulls (Crypt:1)
  9 shadows
  2 air elementals (Elf:3)
  2 ettin skeletons
  5 spriggans
  10 fire dragon skeletons (Crypt:3)
  3 water elementals
  2 vampires
  3 dire elephant simulacra (IceCv)
  35 tarantellas
  10 wraiths
  3 wyverns
  9 hungry ghosts
  A fire elemental (Elf:3)
  A fire bat (shapeshifter) (Vaults:3)
  50 yaks
  2 hogs (D:13)
  21 vampire mosquitoes
  A steam dragon (Lair:3)
  A human (shapeshifter) (Vaults:4)
  2 human simulacra
  2 basilisks
  15 insubstantial wisps
  5 wargs
  2 harpy simulacra (IceCv)
  11 swamp worms
  A gelid demonspawn zombie (Crypt:2)
  An iron troll simulacrum (IceCv)
  3 acid dragons
  20 soldier ants
  10 water moccasins
  13 porcupines
  5 hydra simulacra
  47 orc warriors
  13 swamp drakes
  2 ice beasts
  2 ettin simulacra (IceCv)
  3 sky beasts
  A manticore zombie (Crypt:1)
  4 phantoms
  3 necrophages (Crypt:2)
  5 wolves (Lair:1)
  2 eyes of draining
  35 ogres
  16 centaurs
  A snapping turtle skeleton (Crypt:1)
  4 boggarts (Vaults:2)
  A swamp dragon skeleton (Crypt:3)
  20 crocodiles
  11 bullfrogs
  An elf zombie (Crypt:2)
  2 big kobolds (D:15)
  A gnoll sergeant (D:10)
  2 wyvern zombies
  4 earth elementals
  A wyvern skeleton (D:9)
  A warg zombie (Crypt:2)
  3 scorpions
  A water moccasin skeleton (D:5)
  An elf simulacrum (Vaults:3)
  38 killer bees
  4 wights
  A raiju skeleton (Crypt:1)
  3 howler monkeys
  3 electric eels
  5 crimson imps
  6 hounds
  A bullfrog zombie (D:9)
  2 draconian simulacra (IceCv)
  7 centaur zombies
  2 quasits (D:10)
  10 centaur skeletons
  5 jellies
  20 orc priests
  6 human zombies
  A bullfrog skeleton (D:9)
  38 orc wizards
  3 human skeletons
  Jessica (D:2)
  A demonspawn skeleton (Crypt:1)
  7 iguanas
  Ijyb (D:4)
  A polar bear simulacrum (IceCv)
  4 hell rats (Lair:5)
  2 wolf simulacra (IceCv)
  31 worker ants
  A troll simulacrum (IceCv)
  A sky beast zombie (Crypt:2)
  A tengu zombie (Crypt:3)
  2 centaur simulacra
  A demigod zombie (Crypt:2)
  A hound zombie (D:7)
  A hound skeleton (Crypt:1)
  25 mummies
  A worker ant zombie (D:7)
  8 gnolls
  2 howler monkey skeletons
  3 naga simulacra (IceCv)
  8 adders
  An ogre simulacrum (IceCv)
  4 shadow imps
  12 white imps (IceCv)
  6 ufetubi (IceCv)
  An adder skeleton (D:5)
  An adder zombie (D:9)
  3 worms
  3 dart slugs
  6 leopard geckos
  96 orcs
  6 giant cockroaches
  10 goblins
  6 hobgoblins
  11 jackals
  6 quokkas
  A ball python zombie (Crypt:2)
  3 bats
  8 frilled lizards
  A gnoll skeleton (Crypt:2)
  2 hobgoblin zombies (Ossuary)
  9 kobolds
  4 kobold zombies (Ossuary)
  2 leopard gecko skeletons
  An orc skeleton (Crypt:2)
  2 orc zombies (Ossuary)
  7 rats
  A briar patch (Swamp:3)
  A bush (Swamp:4)
  A butterfly (Lair:5)
  19 crawling corpses (Vaults:5)
  4 fungi (Swamp:4)
  12 pillars of salt (Vaults:2)
  3 plants (Swamp:4)
  4 withered plants (Crypt:3)
2051 creatures vanquished.

Vanquished Creatures (collateral kills)
  An imperial myrmidon (Desolation)
  An emperor scorpion (Spider:4)
  A ghost moth (Spider:4)
  2 ironheart preservers (Vaults:1)
  A halazid warlock (Desolation)
  2 spark wasps (Spider:4)
  A fire dragon (Swamp:2)
  A ragged hierophant (Desolation)
  2 servants of whispers (Desolation)
  2 vault guards (Vaults:1)
  A peacekeeper (Desolation)
  An alligator (Swamp:2)
  A swamp dragon (Swamp:2)
  2 lindwurms (Swamp:2)
  3 ironbrand convokers (Desolation)
  2 slime creatures (Swamp:1)
  A moth of wrath (Spider:4)
  A molten gargoyle (Desolation)
  A torpor snail (Swamp:3)
  A vault sentinel (Vaults:1)
  4 hornets (Spider:4)
  5 saltlings (Desolation)
  A tyrant leech (Swamp:3)
  A wraith (Swamp:1)
  4 swamp worms
  2 orc warriors (Orc:1)
  An ogre (Orc:1)
  An orc wizard (Orc:1)
  2 orcs (Orc:1)
49 creatures vanquished.

Vanquished Creatures (others)
  the Lernaean hydra (Swamp:4)
  A deep elf elementalist (Elf:1)
  A stone giant (Vaults:5)
  A deep elf demonologist (Vaults:5)
  A deep elf mage (Elf:3)
  A hornet (Swamp:4)
  A swamp worm (Swamp:3)
  A bullfrog (D:6)
  3 orcs (D:6)
  A jackal zombie (D:6)
  A bush (Lair:3)
  10 fungi
  17 plants
  4 withered plants
44 creatures vanquished.

Grand Total: 2144 creatures vanquished

Notes
Turn   | Place    | Note
-------+----------+-------------------------------------------
     0 | D:1      | Lanoc the Formicid Monk began the quest for the Orb.
     0 | D:1      | Reached XP level 1. HP: 18/18 MP: 1/1
   252 | D:1      | Reached XP level 2. HP: 23/24 MP: 2/2
   439 | D:1      | Reached skill level 1 in Armour
   439 | D:1      | Reached XP level 3. HP: 29/29 MP: 3/3
  1012 | D:2      | Noticed Jessica
  1023 | D:2      | Killed Jessica
  1023 | D:2      | Reached XP level 4. HP: 8/37 MP: 4/4
  1872 | D:3      | Reached XP level 5. HP: 36/42 MP: 5/5
  1878 | D:3      | Reached skill level 2 in Armour
  2388 | D:3      | Reached XP level 6. HP: 44/48 MP: 6/6
  2632 | D:4      | Noticed a phantom
  2648 | D:4      | Reached skill level 5 in Long Blades
  2657 | D:4      | Killed a phantom
  2657 | D:4      | Reached skill level 3 in Armour
  2657 | D:4      | Reached XP level 7. HP: 28/55 MP: 7/7
  3204 | D:5      | Entered Level 5 of the Dungeon
  3232 | D:5      | Found a sand-covered staircase.
  3245 | Ossuary  | Entered an ossuary
  3889 | Ossuary  | Reached skill level 5 in Fighting
  4022 | D:5      | Noticed Ijyb
  4264 | D:5      | Reached XP level 8. HP: 47/62 MP: 8/8
  4273 | D:4      | Killed Ijyb
  4499 | D:5      | Reached skill level 4 in Armour
  5024 | D:6      | Found an ornate altar of the Wu Jian Council.
  5025 | D:6      | Found a sparkling altar of Nemelex Xobeh.
  5058 | D:6      | Noticed Pikel
  5090 | D:5      | Killed Pikel
  5090 | D:5      | Reached skill level 5 in Armour
  5090 | D:5      | Reached skill level 5 in Dodging
  5090 | D:5      | Reached XP level 9. HP: 18/69 MP: 9/9
  5732 | D:6      | Found a hide-covered altar of Uskayaw.
  5992 | D:7      | Found a staircase to the Ecumenical Temple.
  6005 | Temple   | Entered the Ecumenical Temple
  6203 | Temple   | Became a worshipper of the Shining One
  6203 | Temple   | Reached * piety under the Shining One
  6203 | Temple   | Reached ** piety under the Shining One
  6238 | D:7      | Reached skill level 1 in Invocations
  6792 | D:8      | Learned a level 1 spell: Apportation
  6833 | D:8      | Found a staircase to the Lair.
  6928 | D:8      | Noticed Maurice
  6941 | D:8      | Killed Maurice
  6941 | D:8      | Reached skill level 6 in Armour
  6941 | D:8      | Reached XP level 10. HP: 76/79 MP: 11/11
  7166 | D:8      | Found a glowing silver altar of Zin.
  7739 | D:9      | Gained mutation: You have large cloven feet. [potion of
                  | mutation]
  7739 | D:9      | Gained mutation: You occasionally shout uncontrollably at
                  | your foes. [potion of mutation]
  7739 | D:9      | Gained mutation: Your muscles are strong. (Str +2) [potion
                  | of mutation]
  7746 | D:9      | Noticed Joseph
  7987 | D:9      | Killed Joseph
  8150 | D:9      | Reached skill level 7 in Armour
  8163 | D:9      | Reached skill level 10 in Long Blades
  8353 | D:9      | Reached XP level 11. HP: 86/86 MP: 14/14
  8407 | D:9      | Reached skill level 5 in Invocations
  8692 | D:9      | Found Zeeci's Demolitions Depot.
  8980 | D:10     | Entered Level 10 of the Dungeon
  9049 | D:10     | Reached *** piety under the Shining One
  9130 | D:10     | Got a translucent long sword
  9131 | D:10     | Identified the +9 long sword "Secret Weapon" {flame, rF-
                  | Int+3 Dex+3} (You found it on level 10 of the Dungeon)
  9210 | D:10     | Reached skill level 8 in Armour
  9480 | D:11     | Noticed an eight-headed hydra
  9491 | D:11     | Killed a three-headed hydra
  9607 | D:11     | Noticed a two-headed ogre
  9615 | D:11     | Killed a two-headed ogre
  9825 | D:11     | Noticed a six-headed hydra
  9836 | D:11     | Killed a one-headed hydra
  9836 | D:11     | Reached XP level 12. HP: 51/95 MP: 16/16
 10042 | D:11     | Reached **** piety under the Shining One
 10235 | D:11     | Found a staircase to the Orcish Mines.
 10324 | D:12     | Noticed Jorgrun
 10544 | Orc:1    | Entered Level 1 of the Orcish Mines
 10944 | Lair:1   | Entered Level 1 of the Lair of Beasts
 11044 | Lair:1   | Reached skill level 9 in Armour
 11865 | Lair:1   | Noticed a six-headed hydra
 11870 | Lair:1   | Killed a four-headed hydra
 12250 | Lair:2   | Reached skill level 10 in Fighting
 12568 | Lair:2   | Lost mutation: You occasionally shout uncontrollably at
                  | your foes. [potion of mutation]
 12568 | Lair:2   | Lost mutation: Your muscles are strong. (Str +2) [potion of
                  | mutation]
 12568 | Lair:2   | Gained mutation: Your mind is acute. (Int +2) [potion of
                  | mutation]
 12568 | Lair:2   | Gained mutation: You are agile. (Dex +2) [potion of
                  | mutation]
 12568 | Lair:2   | Gained mutation: Your flesh is cold resistant. (rC+)
                  | [potion of mutation]
 12584 | Lair:2   | Reached XP level 13. HP: 97/103 MP: 19/19
 12596 | Lair:2   | Found a staircase to the Swamp.
 13577 | Lair:3   | Reached skill level 10 in Armour
 13755 | Lair:3   | Noticed a six-headed hydra
 13761 | Lair:3   | Killed a three-headed hydra
 13868 | Lair:3   | Found a glowing silver altar of Zin.
 14277 | Lair:4   | Noticed Sonja
 14287 | Lair:4   | Killed Sonja
 14313 | Lair:4   | Noticed a five-headed hydra
 14328 | Lair:4   | Killed a two-headed hydra
 14592 | Lair:4   | Found a hole to the Spider Nest.
 15203 | Lair:5   | Reached skill level 1 in Shields
 15238 | Lair:5   | Reached ***** piety under the Shining One
 15329 | Lair:5   | Found a gate leading to a gauntlet.
 15344 | Gauntlet | Entered a Gauntlet
 15344 | Gauntlet | Found a transporter.
 15351 | Gauntlet | Found a transporter.
 15366 | Gauntlet | Found a transporter.
 15370 | Gauntlet | Found a transporter.
 15390 | Gauntlet | Found a transporter.
 15401 | Gauntlet | Noticed an eight-headed hydra
 15403 | Gauntlet | Found a transporter.
 15416 | Gauntlet | Found a transporter.
 15416 | Gauntlet | Noticed a reaper
 15434 | Gauntlet | Found a transporter.
 15438 | Gauntlet | Found a transporter.
 15449 | Gauntlet | Found a transporter.
 15472 | Gauntlet | Found a transporter.
 15472 | Gauntlet | Found a transporter.
 15636 | Gauntlet | Reached XP level 14. HP: 60/111 MP: 21/21
 15661 | Gauntlet | Got ruby-encrusted swamp dragon scales
 15672 | Gauntlet | Identified the +7 swamp dragon scales of the Sea {*Drain
                  | rPois Dex+4 SInv} (You found it in a Gauntlet)
 15899 | Gauntlet | Got a crude cloak
 15916 | Gauntlet | Identified the +0 cloak of the Solstice {Dex+4} (You found
                  | it in a Gauntlet)
 16035 | Gauntlet | Noticed a minotaur
 16076 | Gauntlet | Killed a minotaur
 16850 | Lair:5   | Reached skill level 10 in Invocations
 17165 | Lair:5   | Noticed an entropy weaver
 17168 | Lair:5   | Noticed an entropy weaver
 17299 | Lair:4   | Killed an entropy weaver
 17303 | Lair:4   | Reached skill level 11 in Armour
 17415 | Lair:4   | Killed an entropy weaver
 17671 | Lair:5   | Got a jewelled trident
 17672 | Lair:5   | Identified the +3 trident of the Omega Point {freeze, rElec
                  | rF++ Dex-2 SInv} (You found it on level 5 of the Lair of
                  | Beasts)
 17796 | Lair:6   | Entered Level 6 of the Lair of Beasts
 18278 | Lair:6   | Reached skill level 10 in Dodging
 18440 | Lair:6   | Reached XP level 15. HP: 98/120 MP: 23/23
 18942 | Lair:6   | Found a staircase to the Slime Pits.
 18944 | Lair:6   | Found a viscous altar of Jiyva.
 19108 | Lair:6   | Found an ornate altar of the Wu Jian Council.
 19381 | Lair:6   | Reached skill level 15 in Long Blades
 19765 | Swamp:1  | Entered Level 1 of the Swamp
 19781 | Swamp:1  | Found a frozen archway.
 19800 | IceCv    | Entered an ice cave
 19891 | IceCv    | Reached ****** piety under the Shining One
 20592 | IceCv    | Noticed an Ice Fiend
 20622 | IceCv    | Killed an Ice Fiend
 20622 | IceCv    | Reached skill level 12 in Armour
 21468 | Swamp:1  | Noticed a tentacled monstrosity
 21480 | Swamp:1  | Killed a tentacled monstrosity
 21570 | Swamp:1  | Reached skill level 5 in Shields
 21676 | Swamp:1  | Reached XP level 16. HP: 62/129 MP: 16/24
 21707 | Swamp:1  | Noticed Josephine
 21714 | Swamp:1  | Killed Josephine
 22174 | Swamp:2  | Found a stormy altar of Qazlal.
 22844 | Swamp:2  | Noticed Louise
 22857 | Swamp:2  | Killed Louise
 23216 | Swamp:2  | HP: 5/129 [fire dragon/blast of flame (66)]
 23886 | Swamp:3  | Noticed a thorn hunter
 23899 | Swamp:3  | Killed a thorn hunter
 23992 | Swamp:3  | Got a fine dagger
 23993 | Swamp:3  | Identified the cursed +1 dagger of Prescription {pierce,
                  | MR++ Str-2 Int+6} (You found it on level 3 of the Swamp)
 24879 | Swamp:4  | Entered Level 4 of the Swamp
 24925 | Swamp:3  | Reached XP level 17. HP: 136/136 MP: 26/26
 24944 | Swamp:4  | Noticed Mara
 25632 | Orc:1    | Reached skill level 13 in Armour
 25703 | Orc:1    | Found a roughly hewn altar of Beogh.
 26105 | Orc:2    | Entered Level 2 of the Orcish Mines
 26138 | Orc:2    | Found a roughly hewn altar of Beogh.
 26191 | Orc:2    | Found a staircase to the Elven Halls.
 26513 | Orc:2    | Found Jeturena's Jewellery Emporium.
 26513 | Orc:2    | Found Ceddov's Assorted Antiques.
 26540 | Orc:2    | Found Qeceuman's Assorted Antiques.
 26540 | Orc:2    | Found Daisk's General Store.
 26548 | Orc:2    | Bought a scroll labeled ZEBUCZ NIUR for 33 gold pieces
 26548 | Orc:2    | Bought a scroll labeled ZEBUCZ NIUR for 33 gold pieces
 26548 | Orc:2    | Bought a potion of curing for 99 gold pieces
 26903 | D:12     | Killed Jorgrun
 26970 | D:12     | Found a shadowy altar of Dithmenos.
 27008 | D:12     | Noticed Urug
 27021 | D:12     | Killed Urug
 27649 | D:13     | Identified the +10 flail of Forced Transition {pain, +Fly
                  | rF+ Dex+4} (You found it on level 13 of the Dungeon)
 27903 | D:13     | Noticed Nessos
 27923 | D:13     | Killed Nessos
 27923 | D:13     | Reached skill level 10 in Shields
 27932 | D:13     | Noticed Kirke
 27945 | D:13     | Killed Kirke
 27951 | D:13     | Noticed Frances
 27966 | D:13     | Killed Frances
 28442 | D:14     | Reached XP level 18. HP: 138/144 MP: 27/27
 28633 | D:14     | Found a gate to the Vaults.
 29398 | D:14     | Found a runed translucent door.
 29398 | D:14     | Noticed MirrMurr's ghost (novice FeBe)
 29404 | D:14     | Killed MirrMurr's ghost
 29542 | D:15     | Entered Level 15 of the Dungeon
 29670 | D:15     | Noticed Rupert
 29680 | D:15     | Killed Rupert
 30069 | D:15     | Found a snail-covered altar of Cheibriados.
 30190 | D:15     | Found a staircase to the Depths.
 30553 | Spider:1 | Entered Level 1 of the Spider Nest
 32541 | Spider:3 | Reached XP level 19. HP: 152/152 MP: 29/29
 32718 | Spider:3 | Reached skill level 14 in Armour
 33445 | Spider:4 | Entered Level 4 of the Spider Nest
 34052 | Spider:4 | Got a gossamer rune of Zot
 35525 | Vaults:1 | Entered Level 1 of the Vaults
 36145 | Vaults:1 | Reached XP level 20. HP: 160/160 MP: 30/30
 36411 | Vaults:1 | Identified the +4 large shield of Atotsefo {rN+ Str-3
                  | Dex+7}
 37103 | Vaults:2 | Found a ruined gateway.
 37119 | Vaults:2 | Found Jumiroly's Assorted Antiques.
 37127 | Vaults:2 | Bought a potion of heal wounds for 185 gold pieces
 37144 | Desolati | Entered the Desolation of Salt
 37563 | Desolati | Identified the +9 long sword of Ohink {vamp, -Tele rF+
                  | rC+++ Dex+3} (You found it in the Desolation of Salt)
 37577 | Desolati | Found the +7 Singing Sword {slice, sonic wave}
 37579 | Desolati | Identified the Grimoire of Heat and Necromancy
 37605 | Desolati | Got a slimy lapis lazuli ring
 37610 | Desolati | Identified the cursed ring of Irchuam {Int-2 Dex+6} (You
                  | found it in the Desolation of Salt)
 37842 | Desolati | Identified the Volume of Transformation and Poison
 37849 | Desolati | Identified the cursed +0 dagger of the Vine {pierce, rN+++
                  | MR- SInv Stlth+} (You found it in the Desolation of Salt)
 38001 | Desolati | Reached skill level 15 in Invocations
 38005 | Desolati | Reached skill level 15 in Fighting
 38008 | Desolati | Identified the Tome of the Quantum Mountains
 38017 | Desolati | Got a pitted granite ring
 38027 | Desolati | Got a steaming ivory ring
 38028 | Desolati | Identified the Compendium of Torrid Transmutation
 38160 | Desolati | Identified the ring of Subuf {rF+ AC+4 Int+2} (You found it
                  | in the Desolation of Salt)
 38162 | Desolati | Identified the ring "Momusakk" {rF+ rN+ Str+3 Int+5 Stlth+}
                  | (You found it in the Desolation of Salt)
 38265 | Vaults:2 | Found a staircase to the Crypt.
 38265 | Vaults:2 | Found an ancient bone altar of Kikubaaqudgha.
 38266 | Vaults:2 | Found a basalt altar of Yredelemnul.
 38462 | Vaults:2 | Reached skill level 15 in Armour
 38734 | Vaults:2 | Reached skill level 15 in Shields
 39087 | Vaults:2 | Reached XP level 21. HP: 168/168 MP: 32/32
 39491 | Vaults:3 | Found a magical portal.
 39512 | WizLab   | Entered Iskenderun's Mystic Tower
 40978 | WizLab   | Identified Iskenderun's Reference Book on Confrontation
 40978 | WizLab   | Identified Iskenderun's Guide on Confrontation
 41187 | Vaults:3 | Found Gozag's Antique Weapon Shoppe.
 41208 | Vaults:3 | Found an opulent altar of Gozag.
 41208 | Vaults:3 | Found Gozag's Antique Armour Shoppe.
 41242 | Vaults:3 | Found Gozag's Antique Weapon Emporium.
 41482 | Vaults:3 | Reached skill level 16 in Armour
 41614 | Vaults:3 | Got a bound steel ring
 41701 | Vaults:3 | Identified the ring of Syecsyn {MR+ Slay+2 Stlth+} (You
                  | found it on level 3 of the Vaults)
 41844 | Vaults:3 | Reached XP level 22. HP: 178/178 MP: 34/34
 42213 | Vaults:4 | Identified Tuidoj's Incunabulum of Snow and Calling
 43172 | Vaults:5 | Entered Level 5 of the Vaults
 43401 | Vaults:5 | Noticed a golden dragon
 43416 | Vaults:4 | Killed a golden dragon
 43504 | Vaults:5 | Noticed a golden dragon
 43513 | Vaults:5 | Killed a golden dragon
 43515 | Vaults:5 | Reached skill level 17 in Armour
 43534 | Vaults:4 | Reached XP level 23. HP: 103/188 MP: 35/35
 43746 | Vaults:5 | Reached skill level 15 in Dodging
 43953 | Vaults:5 | Identified the ring "Jikuum" {rN+ Int+5}
 44192 | Vaults:5 | Identified the Handbook of Heat
 44297 | Vaults:5 | Got a clouded tin ring
 44299 | Vaults:5 | Identified the ring "Keesevym" {MR+ Int+4 Slay+3} (You
                  | found it on level 5 of the Vaults)
 44433 | Vaults:5 | Got a silver rune of Zot
 44562 | Vaults:5 | Identified a +0 pair of boots of running (You found it on
                  | level 5 of the Vaults)
 44576 | Vaults:5 | Got a transparent iron ring
 44578 | Vaults:5 | Identified the ring "Qaulimila" {*Tele Dex+5 Stlth-} (You
                  | found it on level 5 of the Vaults)
 44986 | Vaults:5 | Found the +8 demon trident "Rift" {distort, reach+}
 44999 | Vaults:5 | Got a scorched tin ring
 45002 | Vaults:5 | Identified the ring of Reep {Ice +Inv Stlth+} (You found it
                  | on level 5 of the Vaults)
 45011 | Vaults:5 | Identified the +1 scale mail of the Bruised Allies {+Blink
                  | MP+9 Str+2 Dex-5} (You found it on level 5 of the Vaults)
 45099 | Vaults:5 | Got a transparent graven amulet
 45100 | Vaults:5 | Identified the amulet of Siuppoh {Acrobat Slay+5} (You
                  | found it on level 5 of the Vaults)
 45281 | Crypt:1  | Entered Level 1 of the Crypt
 45407 | Crypt:1  | Reached skill level 18 in Armour
 45632 | Crypt:1  | Reached XP level 24. HP: 197/197 MP: 36/36
 45769 | Crypt:1  | Identified the +2 ring mail of Elyvilon's Wrath {rElec
                  | Int+7 Stlth+} (You found it on level 1 of the Crypt)
 46067 | Crypt:2  | Found an ancient bone altar of Kikubaaqudgha.
 46455 | Crypt:2  | Reached skill level 19 in Armour
 46661 | Crypt:3  | Entered Level 3 of the Crypt
 47162 | Crypt:3  | Found a staircase to the Tomb.
 47162 | Crypt:3  | Noticed an ancient lich
 47167 | Crypt:3  | Killed an ancient lich
 47645 | Crypt:3  | Found an ancient bone altar of Kikubaaqudgha.
 47657 | Crypt:3  | Noticed an ancient lich
 47667 | Crypt:3  | Killed an ancient lich
 47670 | Crypt:3  | Noticed an ancient lich
 47674 | Crypt:3  | Found the +5 scythe "Finisher" {speed, eviscerate}
 47677 | Crypt:3  | Killed an ancient lich
 47677 | Crypt:3  | Reached XP level 25. HP: 207/207 MP: 36/36
 48248 | Elf:1    | Entered Level 1 of the Elven Halls
 48257 | Elf:1    | Reached skill level 20 in Armour
 48393 | Elf:1    | Identified Cacosat's Collected Works on Confrontation
 48481 | Elf:1    | Found a roughly hewn altar of Beogh.
 49463 | Elf:3    | Entered Level 3 of the Elven Halls
 49463 | Elf:3    | Found Hutuafie's Food Shop.
 49969 | Elf:3    | Identified the cursed +1 scimitar of Lies {flame, rF+ rC+}
 49995 | Elf:3    | Reached skill level 21 in Armour
 50051 | Elf:3    | Identified the +7 demon trident of Gehenna {pain, +Blink
                  | rF+ Dex+3}
 50103 | Elf:3    | Identified the +9 mace of Jaid {flame, rF++ rC+ Int-5}
 50103 | Elf:3    | Identified the ring "Pecsed Heh" {Int+2 SInv}
 50104 | Elf:3    | Identified the amulet of Kyppubozi {Reflect rF+ Str+3 SH+5}
 50154 | Elf:3    | Got a pair of ancient gloves
 50165 | Elf:3    | Identified the +0 pair of gloves of the Leaf {Stlth+} (You
                  | found it on level 3 of the Elven Halls)
 50512 | Swamp:4  | Noticed Lanoc's illusion
 50514 | Swamp:4  | Killed Mara
 50568 | Swamp:4  | Reached XP level 26. HP: 206/217 MP: 37/37
 50719 | Swamp:4  | Noticed Nikola
 50719 | Swamp:4  | Noticed Donald
 50720 | Swamp:4  | Noticed the 27-headed Lernaean hydra
 50737 | Swamp:4  | Killed the 21-headed Lernaean hydra
 50741 | Swamp:4  | Killed Donald
 50745 | Swamp:4  | HP: 3/217 [Nikola/chain lightning (15)]
 50746 | Swamp:4  | The Shining One protects you from harm!
 50747 | Swamp:4  | Killed from afar by Nikola

Levels and vault maps discovered:
D:1:      sevenhm_arrival_forest_fort_large_2, layout_basic,
          kennysheep_flooded_box, st_stairs_13, minmay_close_crescents
D:2:      layout_basic, corner_web_ring, uniq_jessica
D:3:      layout_loops_cross
D:4:      layout_rooms, first_ration, kennysheep_boxes
D:5:      layout_basic, enter_ossuary_5, uniq_ijyb
D:6:      layout_cave_pools, kennysheep_mini_moat,
          gammafunk_temple_overflow_pools, uniq_pikel
D:7:      layout_cave_pods, minmay_temple_entry_junction_2, due_unseen_surprise
D:8:      layout_basic, zin_statuary, lair_entry_dummy, uniq_maurice
D:9:      wander_river, layout_basic, david_nohive_1, nicolae_blasting_shop,
          uniq_joseph
D:10:     layout_rooms
D:11:     layout_rooms, hiddenorc1_lemuel
D:12:     layout_roguey, serial_park_tiny_1, dk_noncrumbling_4,
          grunt_dithmenos_shadows, uniq_jorgrun, uniq_urug
D:13:     layout_roguey, uniq_kirke, uniq_nessos, uniq_frances
D:14:     minmay_the_grid_3x2 [minmay_the_grid_tiny_cups,
          minmay_the_grid_gridbox, minmay_the_grid_garden,
          minmay_the_grid_outer_diamond, minmay_the_grid_fan,
          minmay_the_grid_prize_inner_circle], layout_rooms, david_vaults_1,
          abandoned_shop, gammafunk_ghost_grave, minmay_beelzebubs_servants
D:15:     grunt_enter_depths_magical_seal, layout_basic, lemuel_statue_altar,
          uniq_rupert
Temple:   eino_narrow_crystal_temple
Lair:1:   layout_hall_layers, st_stairs_9
Lair:2:   layout_concentric_octagons, swamp_mist_pool, grunt_megastairs_4,
          serial_bayou_shore_b
Lair:3:   layout_loops_ring, basic_altar, serial_rivers,
          chequers_serial_rivers_micro_e, chequers_serial_rivers_marsh,
          chequers_serial_rivers_small_3, chequers_serial_rivers_large_a,
          chequers_serial_rivers_micro_b
Lair:4:   layout_gridlike, spider_nest_entry_rubble, uniq_sonja
Lair:5:   layout_cave_pods, gauntlet_entry_generic, zaba_antful_of_joy,
          lemuel_fruit_fields, lemuel_fruit_fields, infiniplex_staircase_pool
Lair:6:   gammafunk_lair_ancient_temple, layout_regular_city, slime_altar_1,
          basic_altar, minmay_lindwurm_lava
Swamp:1:  layout_falls_marsh, portal_ice_cave_entry_pillars_2,
          evilmike_swamp_ruin_house_1, uniq_josephine
Swamp:2:  layout_falls_marsh, lemuel_altar_in_water, swamp_pool1,
          hangedman_swamp_double_dragon, uniq_louise
Swamp:3:  layout_falls_marsh, evilmike_swamp_ruin_rubble_1, swamp_pool4,
          worms_lemuel
Swamp:4:  grunt_swamp_rune_castle, layout_basic_swamp,
          infiniplex_staircase_pool_2, uniq_nikola, uniq_mara, uniq_donald
Spider:1: layout_spider_delve
Spider:2: layout_chambers, drop_trap
Spider:3: layout_spider_delve, hangedman_spider_tarantella_strand
Spider:4: spider_rune_water
Orc:1:    layout_caves, basic_altar, minmay_orc_treasury
Orc:2:    grunt_orc_tribal_feast, layout_diamond_mine, kennysheep_orc_chapel
Elf:1:    layout_geoelf_grid, special_room [special_room_orc],
          minmay_elf_annihilation, grunt_ministairs_6, billiards_dpeg
Elf:2:    layout_geoelf_octagon
Elf:3:    elf_hall_gauntlet_wide, layout_gridlike, serial_shops, shop
Vaults:1: nicolae_vaults_theta, v_misc_9, vaults_dpeg_hooks,
          nicolae_vaults_meeting, v_rooms_2, v_alt_pattern_3,
          nicolae_vaults_sealed_display, v_misc_16, nicolae_vaults_what_the_h,
          ontoclasm_vaults_misaligned, vaults_mumra_lcd, v_misc_9,
          hangedman_vaults_trim, layout_vaults_omnicross
Vaults:2: ontoclasm_vaults_hangar, vaults_standard_mumra_lines,
          minmay_crypt_entry_necro_gods, vaults_room_hallway, v_alt_pattern_5,
          v_misc_16, nicolae_vaults_alarming, hangedman_vaults_river_flow,
          vaults_room_corners, ontoclasm_vaults_ring_square,
          nicolae_vaults_specimen_jars, v_misc_11, layout_vaults_chaotic_city,
          portal_desolation_entry_garden, serial_shops, nicolae_shop_crystal
Vaults:3: v_misc_19, vaults_room_hallway, v_misc_31,
          kennysheep_vaults_gozag_temple, v_misc_2, v_misc_11, v_pattern_1,
          layout_vaults_omnigrid, infiniplex_enter_wizlab_water
Vaults:4: grunt_vaults_swirl, hangedman_vaults_impose,
          nicolae_vaults_little_squares_5, vaults_room_fours,
          grunt_vaults_hallway_long, hangedman_vaults_pinch, v_misc_23,
          grunt_vaults_focal, dpeg_vaults_monster_box, vaults_mumra_bighexcomb,
          ontoclasm_vaults_decontamination, vaults_room_corners,
          nicolae_vaults_little_squares_1, layout_vaults_ring
Vaults:5
Crypt:1:  layout_gridlike, grunt_ministairs_9, st_stairs_5,
          grunt_crypt_arrival_guarded_gate
Crypt:2:  layout_chaotic_city, lemuel_mausoleum_altar_kikubaaqudgha
Crypt:3:  quadcrypt_mu

Skill      XL: |  1  2  3  4  5  6  7  8  9 10 11 12 13 14 15 16 17 18 19 20 21 22 23 24 25 |
---------------+----------------------------------------------------------------------------+-----
Armour         | 1 2 3 5 6 7 8 9 10 11 12 13 14 15 16 17 18 19 21 | 21.2
Dodging        | 3 4 5 6 7 8 9 10 11 12 13 14 15 16 17 | 17.3
Fighting       | 4 5 6 7 8 9 10 11 12 13 14 15 16 17 18 19 | 19.9
Long Blades    | 4 5 6 7 8 10 11 12 13 14 15 16 17 18 | 18.5
Invocations    | 2 4 6 8 9 10 11 12 13 14 15 16 17 18 19 20 | 20.7
Shields        | 2 5 8 10 12 13 15 | 15.0
Stealth        | |  2.4

Action                   |  1- 3 |  4- 6 |  7- 9 | 10-12 | 13-15 | 16-18 | 19-21 | 22-24 | 25-27 || total
-------------------------+-------+-------+-------+-------+-------+-------+-------+-------+-------++-------
Melee: Falchion          |    88 |   121 |   191 |       |       |       |       |       |       ||   400
       Scimitar          |       |       |   101 |   210 |       |       |       |       |       ||   311
       Kick              |       |       |       |   125 |   364 |       |       |       |       ||   489
       Long sword        |       |       |       |   220 |   731 |  1445 |   691 |       |    26 ||  3113
       Trident           |       |       |       |       |       |    12 |       |       |       ||    12
       Double sword      |       |       |       |       |       |       |   453 |   789 |   368 ||  1610
Throw: Dart              |       |       |       |       |       |     1 |       |       |       ||     1
Invok: Summon Divine War |       |       |       |       |     3 |     3 |     8 |       |       ||    14
       Divine Shield     |       |       |       |       |     1 |       |       |       |       ||     1
       Cleansing Flame   |       |       |       |       |     1 |       |       |       |       ||     1
 Abil: Dig               |       |       |     1 |     1 |     1 |       |       |     1 |       ||     4
Evoke: Wand              |       |       |     2 |       |    18 |       |       |       |       ||    20
       Phial of floods   |       |       |       |       |     1 |       |       |       |       ||     1
  Use: Potion            |       |     1 |     2 |    11 |     7 |     3 |     6 |       |     3 ||    33
       Scroll            |       |       |    10 |    11 |     3 |     9 |     7 |     6 |       ||    46
 Stab: Sleeping          |     6 |     1 |       |       |       |       |       |       |       ||     7
       Paralysed         |       |       |     2 |       |       |       |       |       |       ||     2
  Eat: Chunk             |       |     6 |     6 |    34 |    30 |    42 |    32 |    10 |     7 ||   167
       Ration            |       |       |     2 |       |       |       |       |     1 |       ||     3
Armor: Ring mail         |    26 |    26 |       |       |       |       |       |       |       ||    52
       Plate armour      |       |    56 |   201 |   245 |    78 |       |       |       |       ||   580
       Skin              |       |       |       |    28 |       |       |       |       |       ||    28
       Swamp dragon scal |       |       |       |       |   146 |   292 |   200 |   127 |    90 ||   855
Dodge: Dodged            |    45 |    75 |   102 |   221 |   481 |   718 |   596 |   386 |   230 ||  2854
       Deflected         |     1 |     3 |     3 |     7 |     9 |     5 |       |       |       ||    28
Block: Buckler           |       |       |       |       |    97 |       |       |       |       ||    97
       Shield            |       |       |       |       |   102 |    53 |       |       |       ||   155
       Large shield      |       |       |       |       |       |  1081 |   979 |   627 |   359 ||  3046
       Reflection        |       |       |       |       |       |       |       |       |     3 ||     3
       Rpst.: Falchion   |    13 |    17 |    19 |       |       |       |       |       |       ||    49
       Scimitar          |       |       |    10 |    37 |       |       |       |       |       ||    47
       Long sword        |       |       |       |    26 |   102 |   172 |    79 |       |     2 ||   381
       Double sword      |       |       |       |       |       |       |    21 |    64 |    16 ||   101

Table legend:
 A = Non-vault XP
 B = Vault XP
 C = Vault XP percentage of total XP
 D = Non-vault monster count
 E = Vault monster count
 F = Vault count percentage of total count
                 A         B        C        D         E       F
            +---------+---------+-------+---------+---------+-------
      Total |  401733 |  547750 |  57.7 |    1165 |     896 |  43.5
            +---------+---------+-------+---------+---------+-------
        D:1 |      42 |       6 |  12.5 |      25 |       4 |  13.8
        D:2 |      37 |      37 |  50.0 |      12 |       1 |   7.7
        D:3 |     231 |       0 |   0.0 |      29 |       0 |   0.0
        D:4 |     402 |      35 |   8.0 |      20 |       1 |   4.8
        D:5 |     581 |     673 |  53.7 |      14 |       1 |   6.7
        D:6 |     724 |       0 |   0.0 |      16 |       0 |   0.0
        D:7 |     387 |       0 |   0.0 |      12 |       0 |   0.0
        D:8 |     916 |     457 |  33.3 |      14 |       1 |   6.7
        D:9 |    2862 |    1661 |  36.7 |      31 |      16 |  34.0
       D:10 |    2470 |       0 |   0.0 |      44 |       0 |   0.0
       D:11 |    5050 |     184 |   3.5 |      27 |      17 |  38.6
       D:12 |    6999 |    3792 |  35.1 |      42 |       3 |   6.7
       D:13 |    9531 |    5748 |  37.6 |      42 |       5 |  10.6
       D:14 |   16903 |   10981 |  39.4 |      35 |      26 |  42.6
       D:15 |    8662 |    7231 |  45.5 |      28 |      11 |  28.2
     Lair:1 |    5918 |     277 |   4.5 |      26 |       2 |   7.1
     Lair:2 |    5206 |      90 |   1.7 |      24 |       1 |   4.0
     Lair:3 |    6217 |       0 |   0.0 |      26 |       0 |   0.0
     Lair:4 |    4106 |    5126 |  55.5 |      18 |       9 |  33.3
     Lair:5 |    5686 |    2900 |  33.8 |      25 |      31 |  55.4
     Lair:6 |   12084 |   13008 |  51.8 |      30 |      28 |  48.3
    Swamp:1 |   13989 |    1473 |   9.5 |      40 |       4 |   9.1
    Swamp:2 |   11474 |    7995 |  41.1 |      29 |      11 |  27.5
    Swamp:3 |   15904 |    5140 |  24.4 |      34 |      19 |  35.8
    Swamp:4 |    6363 |   30077 |  82.5 |      23 |      32 |  58.2
   Spider:1 |    5722 |       0 |   0.0 |      20 |       0 |   0.0
   Spider:2 |   14322 |       0 |   0.0 |      40 |       0 |   0.0
   Spider:3 |   15699 |     219 |   1.4 |      42 |       1 |   2.3
   Spider:4 |   15369 |   14294 |  48.2 |      34 |      36 |  51.4
      Orc:1 |    2553 |    7372 |  74.3 |      26 |      35 |  57.4
      Orc:2 |    2769 |    8637 |  75.7 |      22 |      38 |  63.3
      Elf:1 |   17700 |   17173 |  49.2 |      27 |      35 |  56.5
      Elf:2 |    5557 |     913 |  14.1 |      13 |       1 |   7.1
      Elf:3 |   18119 |   42991 |  70.4 |      31 |      30 |  49.2
   Vaults:1 |    8407 |   29439 |  77.8 |      20 |      41 |  67.2
   Vaults:2 |   19109 |   18447 |  49.1 |      30 |      26 |  46.4
   Vaults:3 |   26553 |   26702 |  50.1 |      42 |      40 |  48.8
   Vaults:4 |   11943 |   49114 |  80.4 |      12 |      49 |  80.3
   Vaults:5 |   19541 |   79008 |  80.2 |      25 |      58 |  69.9
    Crypt:1 |   42104 |    4345 |   9.4 |      68 |       8 |  10.5
    Crypt:2 |   33522 |     616 |   1.8 |      47 |      12 |  20.3
    Crypt:3 |       0 |   68331 | 100.0 |       0 |      75 | 100.0
    Ossuary |       0 |     152 | 100.0 |       0 |      16 | 100.0
      IceCv |       0 |   11420 | 100.0 |       0 |      59 | 100.0
     WizLab |       0 |   30652 | 100.0 |       0 |      34 | 100.0
 Desolation |       0 |   33412 | 100.0 |       0 |      69 | 100.0
   Gauntlet |       0 |    7622 | 100.0 |       0 |      10 | 100.0
            +---------+---------+-------+---------+---------+-------
